 Dungeon Crawl Stone Soup version 0.31-a0-826-ga5cc291a1b (webtiles) character file.

Game seed: 4008260382967625130

65 qw the Shooter (level 4, -4/28 HPs)
             Began as a Gargoyle Hunter on Sept 23, 2023.
             Killed from afar by Grinder (6 damage)
             ... with a puff of flame
             ... on level 3 of the Dungeon.
             The game lasted 00:00:29 (1648 turns).

qw the Shooter (Gargoyle Hunter)                    Turns: 1648, Time: 00:00:29

Health: -4/28      AC:  9    Str: 15    XL:     4   Next: 14%
Magic:  4/4        EV: 11    Int:  9    God:
Gold:   142        SH:  0    Dex: 15    Spells: 3/3 levels left

rFire   . . .        Y - +0 shortbow
rCold   . . .        (shield currently unavailable)
rNeg    + . .        f - +0 ring mail
rPois   inf          (no helmet)
rElec   +            e - +0 cloak
rCorr   .            (no gloves)
SInv    .            (no boots)
Will    .....        (no amulet)
Stlth   +            (no ring)
HPRegen 0.24/turn    (no ring)
MPRegen 0.09/turn

%: no passive effects
@: no status effects
A: sickness immunity, AC +3, negative energy resistance 1, electricity
resistance, torment resistance 1, petrification resistance
a: no special abilities


You were on level 3 of the Dungeon.
You visited 1 branch of the dungeon, and saw 3 of its levels.

You collected 142 gold pieces.


Innate Abilities, Weirdness & Mutations

You are immune to sickness and miasma.
Your stone body is resilient. (AC +3)
You are immune to poison.
You resist negative energy. (rN+)
You are resistant to electric shocks. (rElec)
You are resistant to unholy torment.
You are immune to petrification.


   Skills:
 - Level 3.0 Fighting
 - Level 5.2 Ranged Weapons
 + Level 0.0 Armour
 - Level 1.5 Dodging
 - Level 1.1 Stealth


You had 3 spell levels left.
You didn't know any spells.
Your spell library was empty.

Inventory:

Hand Weapons
 Y - a +0 shortbow (weapon)
Armour
 e - a +0 cloak (worn)
 f - a +0 ring mail (worn)
Scrolls
 a - a scroll of identify

Dungeon Overview and Level Annotations

Branches:
Dungeon (3/15)

Altars:

Annotations:
D:1 2 runed translucent doors
D:3 Grinder


Message History

You now have 136 gold pieces (gained 13).
You now have 142 gold pieces (gained 6).
Found a stone staircase leading down.
Grinder comes into view.
She is carrying a wand of flame.
Grinder shouts!
You hear an angry hiss.
There is a stone staircase leading down here.
You shoot an arrow. The arrow hits Grinder.
Grinder is lightly wounded.
You shoot an arrow.
The arrow hits Grinder but does no damage.
Grinder is lightly wounded.
You shoot an arrow. The arrow hits Grinder.
Grinder is lightly wounded.
Grinder gestures at you. Pain shoots through your body!
You shoot an arrow. The arrow closely misses Grinder.
Grinder gestures at you. Pain shoots through your body!
You shoot an arrow. The arrow completely misses Grinder.
Grinder zaps a wand.
The puff of flame hits you!
You shoot an arrow. The arrow barely misses Grinder.
Grinder misses you.
You shoot an arrow. The arrow hits Grinder!
Grinder is heavily wounded.
Grinder hits you but does no damage. Grinder hits you.
You writhe in agony.
You shoot an arrow. The arrow hits Grinder.
Grinder is heavily wounded.
Grinder zaps a wand.
The puff of flame hits you.
You shoot an arrow. The arrow barely misses Grinder.
Grinder misses you.
You shoot an arrow. The arrow barely misses Grinder.
Grinder barely misses you.
Grinder zaps a wand.
The puff of flame hits you.
You shoot an arrow. The arrow hits Grinder.
Grinder is heavily wounded.
Grinder hits you but does no damage.
You shoot an arrow. The arrow hits Grinder.
Grinder is severely wounded.
Grinder zaps a wand.
The puff of flame hits you.
You die...
Grinder says, "Now the real fun starts!"

##################
................@#
################5#
#####......# #.#
.........<(# #.#
#####......# #.# #
#......# ..# #
######## #.# # #.#
#


You could see Grinder.

Vanquished Creatures
  3 gnolls (D:2)
  2 dart slugs (D:1)
  An endoplasm (D:1)
  A giant cockroach (D:2)
  A hobgoblin (D:2)
  A quokka (D:1)
  4 ball pythons
  2 bats
  2 frilled lizards
  6 goblins
  8 kobolds
  3 rats
34 creatures vanquished.

Notes
Turn   | Place    | Note
-------+----------+-------------------------------------------
     0 | D:1      | qw the Gargoyle Hunter began the quest for the Orb.
     0 | D:1      | Reached XP level 1. HP: 12/12 MP: 1/1
     0 | D:1      | 0 ||| qw: Version: 0.3-a-83-gcd0e7d8
     0 | D:1      | 0 ||| qw: Game counter: 1901
     0 | D:1      | 0 ||| qw: Melee chars always use a shield: true
     0 | D:1      | 0 ||| qw: God list: Okawaru
     0 | D:1      | 0 ||| qw: Allow faded altars: false
     0 | D:1      | 0 ||| qw: Do Orc after clearing Dungeon:15 true
     0 | D:1      | 0 ||| qw: Do second Lair branch before Depths: true
     0 | D:1      | 0 ||| qw: Lair rune preference: random
     0 | D:1      | 0 ||| qw: Goals: Normal
     0 | D:1      | 0 ||| PLANNING D:1-11
    41 | D:1      | Found a large runed translucent door.
    41 | D:1      | Found a large runed translucent door.
    41 | D:1      | Noticed an orc wizard
    50 | D:1      | Noticed an orc wizard
    50 | D:1      | Noticed an orc warrior
    51 | D:1      | Noticed an orc wizard
   166 | D:1      | Reached XP level 2. HP: 17/17 MP: 2/2
   862 | D:1      | 862 ||| READING scroll labelled FENWAIF CIOGAXT.
   863 | D:1      | 863 ||| READING scroll labelled EWYACEC NUNLELU.
   866 | D:1      | 866 ||| DROPPING scroll of butterflies.
   898 | D:2      | 898 ||| STAIRDANCE
   907 | D:2      | Reached XP level 3. HP: 21/21 MP: 3/3
  1040 | D:2      | Reached skill level 5 in Ranged Weapons
  1168 | D:2      | Reached skill level 3 in Fighting
  1172 | D:2      | HP: 5/23 [gnoll/+0 flail (3)]
  1173 | D:2      | 1173 ||| READING scroll of teleportation.
  1175 | D:2      | Reached XP level 4. HP: 7/28 MP: 4/4
  1510 | D:2      | 1510 ||| UPGRADING to +0 cloak.
  1515 | D:2      | 1515 ||| UPGRADING to +0 ring mail.
  1525 | D:2      | 1525 ||| DROPPING +0 leather armour.
  1526 | D:2      | 1526 ||| DROPPING ring of flight.
  1527 | D:2      | 1527 ||| READING scroll labelled XIEGONELLU.
  1528 | D:2      | 1528 ||| READING scroll labelled OSSARCHAYJI.
  1636 | D:3      | Noticed Grinder
  1643 | D:3      | HP: 7/28 [Grinder (2)]
  1644 | D:3      | HP: 3/28 [Grinder/puff of flame (4)]
  1646 | D:3      | HP: 1/28 [Grinder/puff of flame (3)]
  1648 | D:3      | Killed from afar by Grinder

Levels and vault maps discovered:
D:1:      erik_arrival_cave_to_civilisation [erik_arrival_cave_to_temple],
          layout_basic
D:2:      layout_rooms, minmay_quantized
D:3:      layout_basic, uniq_grinder

Skill      XL: |  1  2  3 |
---------------+----------+-----
Ranged Weapons | 5 |  5.2
Fighting       | 3 |  3.0
Dodging        | |  1.5
Stealth        | |  1.1

Action                     |  1- 3 |  4- 6 || total
---------------------------+-------+-------++-------
   Fire: Shortbow          |    71 |    23 ||    94
    Use: Scroll            |     3 |     2 ||     5
 Armour: Leather armour    |    14 |       ||    14
         Ring mail         |       |     7 ||     7
  Dodge: Dodged            |    10 |     4 ||    14

Table legend:
 A = Non-vault XP
 B = Vault XP
 C = Vault XP percentage of total XP
 D = Non-vault monster count
 E = Vault monster count
 F = Vault count percentage of total count
                 A         B        C        D         E       F
            +---------+---------+-------+---------+---------+-------
      Total |      88 |       6 |   6.4 |      29 |       5 |  14.7
            +---------+---------+-------+---------+---------+-------
        D:1 |      27 |       3 |  10.0 |      15 |       2 |  11.8
        D:2 |      60 |       3 |   4.8 |      13 |       3 |  18.8
        D:3 |       1 |       0 |   0.0 |       1 |       0 |   0.0
            +---------+---------+-------+---------+---------+-------
